 Dungeon Crawl Stone Soup version 0.30-a0-210-g01b79a254e (webtiles) character file.

Game seed: 926416232287255819

71 scionoferis the Sneak (level 4, -3/40 HPs)
             Began as a Kobold Brigand on Oct 5, 2022.
             Slain by a kobold brigand
             ... wielding a +0 dagger
              (4 damage)
             ... on level 4 of the Dungeon.
             The game lasted 00:03:17 (1784 turns).

scionoferis the Sneak (Kobold Brigand)              Turns: 1784, Time: 00:03:18

Health: -3/40      AC:  8    Str: 10    XL:     4   Next: 47%
Magic:  4/4        EV: 13    Int: 12    God:
Gold:   109        SH:  0    Dex: 16    Spells: 3/3 levels left

rFire   . . .      SeeInvis .    a - +2 dagger
rCold   . . .      Faith    .    (no shield)
rNeg    . . .      Spirit   .    f - +0 ring mail
rPois   .          Reflect  .    (no helmet)
rElec   .          Harm     .    c - +0 cloak
rCorr   .          Rampage  .    b - +0 pair of gloves
Will    .....                    p - +0 pair of boots
Stlth   ..........               (no amulet)
HPRegen 0.26/turn                (no ring)
MPRegen 0.09/turn                (no ring)

@: berserking, lethally poisoned (-3 -> -7), slowed
A: small, no large weapons, nightstalker 3
a: no special abilities


You were on level 4 of the Dungeon.
You visited 1 branch of the dungeon, and saw 3 of its levels.

You collected 109 gold pieces.

Inventory:

Hand Weapons
 a - a +2 dagger (weapon)
 r - a +0 sling
Missiles
 d - 9 poisoned darts
 e - a curare-tipped dart (quivered)
Armour
 b - a +0 pair of gloves (worn)
 c - a +0 cloak (worn)
 f - a +0 ring mail (worn)
 p - a +0 pair of boots (worn)
Scrolls
 g - 2 scrolls of identify {unknown}
 m - a scroll of enchant weapon {unknown}
 n - a scroll of vulnerability {unknown}
 q - a scroll of torment {unknown}
 s - 2 scrolls of fear {unknown}
Potions
 h - a potion of flight {unknown}
 i - a potion of heal wounds {unknown}
 j - a potion of berserk rage
 k - a potion of might {unknown}
 l - a potion of attraction {unknown}
 o - a potion of brilliance {unknown}
 t - a potion of curing {unknown}


   Skills:
 + Level 2.7 Fighting
 * Level 4.1 Short Blades
 - Level 2.1 Throwing
 + Level 1.0 Armour
 + Level 2.1 Dodging
 + Level 5.7 Stealth


You had 3 spell levels left.
You didn't know any spells.
Your spell library was empty.

Dungeon Overview and Level Annotations

Branches:
Dungeon (2/15)

Altars:


Innate Abilities, Weirdness & Mutations

You are small and have problems with some larger weapons.
You are completely attuned to the shadows.


Message History

Throw: 3 darts (curare)
Press: ? - help, Q - select action, (/) - cycle Shift-Dir - straight line, f - kobold brigand
Aim: a kobold brigand, wielding a +0 dagger and quivering curare-tipped darts (55% to hit)
You throw a curare-tipped dart.
The curare-tipped dart closely misses the kobold brigand.
You feel very sick.
The kobold brigand throws a curare-tipped dart.
The curare-tipped dart hits you.
You are lethally poisoned!
You have difficulty breathing.
You feel as though you will be slow longer.
Throw: 2 darts (curare)
Press: ? - help, Q - select action, (/) - cycle Shift-Dir - straight line, f/p - kobold brigand
Aim: a kobold brigand, wielding a +0 dagger and quivering curare-tipped darts (55% to hit)
You throw a curare-tipped dart.
The curare-tipped dart barely misses the kobold brigand.
* * * LOW HITPOINT WARNING * * *
You feel very sick.
It was a potion of berserk rage.
A red film seems to cover your vision as you go berserk!
You feel yourself moving faster!
You feel mighty!
* * * LOW HITPOINT WARNING * * *
You feel very sick.
The kobold brigand hits you but does no damage.
You hit the kobold brigand.
The kobold brigand is lightly wounded.
* * * LOW HITPOINT WARNING * * *
You feel sick.
The kobold brigand hits you with a +0 dagger.
* * * LOW HITPOINT WARNING * * *
You puncture the kobold brigand!
The kobold brigand is moderately wounded.
* * * LOW HITPOINT WARNING * * *
You feel sick.
You puncture the kobold brigand!
The kobold brigand is severely wounded.
* * * LOW HITPOINT WARNING * * *
You feel sick.
The kobold brigand hits you with a +0 dagger.
You die...

#.##### ##........
##....# #.........#
≈####.# #.###.###.#
≈≈###.# #.###.###.#
.§#.#.######.##....#(#
.≈#..................+
..'.#.######.##....#.#
..'.#.# #.###.K##.#
.≈###.# #....@....#
.§#...# ######.####
≈≈###.# #.####### ≈##
#.# #.......# ## ##
#.# #.#####.# ...
#####.# #....##.##..h
......# #.##.##.#....
####### #.##.........
#.#####.#....


You could see a kobold brigand.

Vanquished Creatures
  A gnoll (D:1)
  2 adders (D:2)
  2 dart slugs (D:1)
  3 endoplasms (D:1)
  3 giant cockroaches (D:1)
  5 goblins (D:1)
  9 hobgoblins
  3 kobolds
  3 ball pythons (D:1)
  4 bats
  A frilled lizard (D:1)
  3 rats
39 creatures vanquished.

Notes
Turn   | Place    | Note
-------+----------+-------------------------------------------
     0 | D:1      | scionoferis the Kobold Brigand began the quest for the Orb.
     0 | D:1      | Reached XP level 1. HP: 12/12 MP: 1/1
   187 | D:1      | Reached XP level 2. HP: 18/18 MP: 2/2
   339 | D:1      | Reached XP level 3. HP: 22/22 MP: 3/3
   879 | D:1      | Found a faded altar of an unknown god.
  1081 | D:2      | Reached XP level 4. HP: 27/27 MP: 4/4
  1088 | D:2      | Reached skill level 1 in Armour
  1617 | D:2      | You fall into a shaft and drop 2 floors!
  1676 | D:4      | Noticed a kobold brigand
  1743 | D:4      | Noticed a black bear
  1784 | D:4      | HP: 1/40 [poisoned by a kobold brigand (curare-tipped
                  | dart)]
  1784 | D:4      | Slain by a kobold brigand

Illustrated notes

Levels and vault maps discovered:
D:1:      roderic_octagonal_star, layout_loops_ring,
          dreamdust_ecumenical_altar_hidden_monk_grotto, nrook_loot_triangle,
          minmay_small_reverse_x
D:2:      minmay_wonky_spiral, layout_basic
D:4:      layout_loops_corners, lemuel_doored_altar,
          minmay_temple_entry_gardened_gates, kennysheep_big_empty_room

Skill      XL: |  1  2  3  4 |
---------------+-------------+-----
Short Blades   | 3 4 |  4.1
Dodging        | 2 |  2.1
Armour         | 1 |  1.0
Fighting       | |  2.7
Throwing       | |  2.1
Stealth        | |  5.7

Action                   |  1- 3 |  4- 6 || total
-------------------------+-------+-------++-------
Melee: Dagger            |    63 |    28 ||    91
Throw: Dart              |       |     4 ||     4
  Use: Potion            |       |     1 ||     1
 Stab: Sleeping          |    20 |       ||    20
Armor: Ring mail         |    11 |    12 ||    23
Dodge: Dodged            |    23 |    10 ||    33

Table legend: (Time is in decaauts)
 A = Elapsed time spent in this place.
 B = Non-inter-level travel time spent in this place.
 C = Inter-level travel time spent in this place.
 D = Time resting spent in this place.
 E = Time spent auto-exploring this place.
 F = Levels seen in this place.
 G = Mean time per level.
                   A        B        C        D        E       F      G
               +--------+--------+--------+--------+--------+-----+--------+
         Total |   1769 |   1700 |     69 |     27 |   1361 |   3 |  589.7 |
       Dungeon |   1769 |   1700 |     69 |     27 |   1361 |   3 |  589.7 |
               +--------+--------+--------+--------+--------+-----+--------+

Top non-repeatable levels by time:
     D:1: 1050 daAuts
     D:2: 551 daAuts
     D:4: 167 daAuts
